 Dungeon Crawl Stone Soup version 0.24.0-28-g17ded55e90 (webtiles) character file.

Game seed: 15340355280177613750, levelgen mode: deterministic

105 Descartes the Insei (level 4, -4/23 HPs)
             Began as a Vine Stalker Monk on Nov 13, 2019.
             Slain by a wyvern (10 damage)
             ... on level 4 of the Dungeon.
             The game lasted 00:05:27 (3196 turns).

Descartes the Insei (Vine Stalker Monk)             Turns: 3196, Time: 00:05:27

Health: -4/23      AC: 11    Str: 14    XL:     4   Next: 81%
Magic:  0/7        EV: 10    Int: 10    God:
Gold:   97         SH:  0    Dex: 17    Spells: 6/6 levels left

rFire    . . .     SeeInvis .     - Unarmed
rCold    . . .     Gourm    .   (no shield)
rNeg     . . .     Faith    .   o - +3 scale mail {MR+}
rPois    .         Spirit   +   h - +0 helmet
rElec    .         Reflect  .   g - +0 cloak (curse)
rCorr    .         Harm     .   (no gloves)
MR       +....                  (no boots)
Stlth    +.........             (no amulet)
HPRegen  0.47/turn              (no ring)
MPRegen  0.10/turn              (no ring)

@: about to teleport
A: fangs 2, regeneration 1, magic shield, antimagic bite, no potion heal 3, rot
immunity
a: no special abilities


You were on level 4 of the Dungeon.
You were not hungry.

You visited 1 branch of the dungeon, and saw 4 of its levels.

You collected 97 gold pieces.

Inventory:

Hand Weapons
 a - a +1 hunting sling
Missiles
 d - 107 stones (quivered)
 m - 23 arrows
 u - a throwing net
Armour
 g - a cursed +0 cloak (worn)
 h - a +0 helmet (worn)
 o - a +3 scale mail of magic resistance (worn)
Wands
 s - a wand of clouds (4)
Scrolls
 f - a scroll of teleportation
 l - a scroll of noise {unknown}
 n - a scroll of enchant weapon
 t - a scroll of identify
 v - a scroll of fog {unknown}
Potions
 e - a potion of resistance {unknown}
 i - 2 potions of heal wounds
 j - a potion of agility {unknown}
 k - a potion of brilliance {unknown}
 p - 3 potions of curing {unknown}
 q - a potion of flight {unknown}
 r - a potion of lignification
 w - a potion of might {unknown}
Comestibles
 b - 8 rations
 c - 2 chunks of flesh


   Skills:
 - Level 2.6 Fighting
 + Level 0.3 Armour
 + Level 2.8 Dodging
 + Level 3.5 Stealth
 * Level 4.0 Unarmed Combat
 + Level 1.5 Spellcasting
 + Level 0.4 Evocations


You had 6 spell levels left.
You didn't know any spells.
Your spell library was empty.

Dungeon Overview and Level Annotations

Branches:
Dungeon (4/15)
 Temple: D:4-7

Altars:
Okawaru


Innate Abilities, Weirdness & Mutations

You have extremely sharp teeth.
Your natural rate of healing is unusually fast.
When hurt, damage is shared between your health and your magic reserves.
Your bite disrupts and absorbs the magic of your enemies.
Potions cannot restore your health.
You are immune to rotting.


Message History

You climb downwards.
Found a viscous silvery potion, an orange potion and a short sword.
There is a stone staircase leading up here.
p - 3 orange potions (gained 1) Some of the chunks of flesh in your inventory have rotted away.
w - a viscous silvery potion An orc wizard comes into view.
It is wielding a +0 dagger.
The orc wizard shouts!
You hear a shout!
The howler monkey howls!
The orc wizard gestures wildly while chanting.
The orc wizard blinks!
The wyvern hisses angrily.
The wyvern bites you but does no damage.
You open the door. The wyvern bites you! The wyvern bites you!
There is an open door, spattered with blood here.
As you read the scroll of teleportation, it crumbles to dust.
You feel strangely unstable. The wyvern bites you.
* * * LOW HITPOINT WARNING * * *
The wyvern bites you!
You die...

##### ##
##########...############ #.
......................... +.
########...#....o..# #.
############.#####...#.#####
#.
.................l...+.l...##
#.
########........@#...#....o.#
#. #........)#...####.#.#....
#.........##### h# #....
#.........# ........
##<...##### ##...... ######
...... .#.... ..


You could see a wyvern and an orc wizard.

Vanquished Creatures
  4 adders
  2 worms
  2 dart slugs (D:2)
  2 leopard geckos (D:3)
  An orc (D:3)
  A ball python (D:2)
  6 bats
  3 giant cockroaches
  2 goblins (D:2)
  11 hobgoblins
  5 kobolds
  2 quokkas (D:3)
  4 frilled lizards
  11 rats
56 creatures vanquished.

Notes
Turn   | Place    | Note
-------+----------+-------------------------------------------
     0 | D:1      | Descartes the Vine Stalker Monk began the quest for the
                  | Orb.
     0 | D:1      | Reached XP level 1. HP: 11/11 MP: 2/2
     2 | D:1      | Noticed an elf
     4 | D:1      | Noticed a merfolk
     4 | D:1      | Noticed a tengu
     6 | D:1      | Noticed a vampire
     8 | D:1      | Noticed a felid
     8 | D:1      | Noticed a ghoul
    10 | D:1      | Noticed a gargoyle
    10 | D:1      | Noticed a vine stalker
    12 | D:1      | Noticed an octopode
    14 | D:1      | Noticed a demigod
    14 | D:1      | Noticed a demonspawn
    16 | D:1      | Noticed a human
    16 | D:1      | Noticed a formicid
    18 | D:1      | Noticed a centaur
    18 | D:1      | Noticed a minotaur
    20 | D:1      | Noticed an ogre
    20 | D:1      | Noticed a troll
    22 | D:1      | Noticed a halfling
    22 | D:1      | Noticed a naga
    24 | D:1      | Noticed a spriggan
    24 | D:1      | Noticed a dwarf
    26 | D:1      | Noticed a draconian
   385 | D:1      | Reached XP level 2. HP: 16/16 MP: 3/3
  1365 | D:2      | Reached XP level 3. HP: 18/19 MP: 5/5
  1414 | D:2      | Reached skill level 1 in Spellcasting
  1495 | D:2      | Found an iron altar of Okawaru.
  1993 | D:2      | Gained mutation: Your natural rate of healing is unusually
                  | fast. [Vine Stalker growth]
  1993 | D:2      | Reached XP level 4. HP: 13/23 MP: 6/6
  2807 | D:3      | Reached skill level 4 in Unarmed Combat
  3114 | D:4      | Noticed a wyvern
  3196 | D:4      | Slain by a wyvern

Levels and vault maps discovered:
D:1:      kb_arrival_jail, layout_basic, st_stairs_11
D:2:      layout_basic, chequers_garden, hex_intersection,
          hangedman_decor_points, okawaru_ov_weapons_minmay
D:3:      layout_basic
D:4:      layout_basic, lemuel_round_altar, nemelex_dance_club_becter,
          uniq_edmund, uniq_blork_the_orc

Skill      XL: |  1  2  3  4 |
---------------+-------------+-----
Stealth        | 3 |  3.5
Spellcasting   | 1 |  1.5
Unarmed Combat | 4 |  4.0
Fighting       | |  2.6
Armour         | |  0.3
Dodging        | |  2.8
Evocations     | |  0.4

Action                   |  1- 3 |  4- 6 || total
-------------------------+-------+-------++-------
Melee: Unarmed           |   102 |    87 ||   189
       Bite              |    24 |    27 ||    51
       Punch             |     2 |       ||     2
  Use: Scroll            |       |     8 ||     8
 Stab: Sleeping          |     2 |       ||     2
  Eat: Chunk             |     3 |     4 ||     7
Armor: Robe              |     3 |       ||     3
       Chain mail        |    30 |       ||    30
       Scale mail        |    17 |    40 ||    57
Dodge: Dodged            |    29 |    46 ||    75
